[Event "ICC tourney 2398 (75 10)"]
[Site "Internet Chess Club"]
[Date "2021.02.21"]
[Round "4"]
[White "mr-sosa"]
[Black "Mapking1"]
[Result "1/2-1/2"]
[ICCResult "Game drawn by the 50 move rule"]
[WhiteElo "2086"]
[BlackElo "1979"]
[Opening "King's Indian defense"]
[ECO "E60"]
[NIC "BI.37"]
[Time "11:01:44"]
[PlyCount "242"]
[TimeControl "4500+10"]

1. d4 Nf6 2. c4 g6 3. f3 c5 4. d5 d6 5. Nc3 e6 6. e4 exd5 7. cxd5 Bg7 8.
Bg5 O-O 9. Bd3 a6 10. a4 Nbd7 11. f4 Qb6 12. Qc2 Re8 13. a5 Qb4 14. Ra4
Nxe4 15. Bxe4 Rxe4+ 16. Qxe4 Qxb2 17. Nd1 Qb3 18. Ne2 b5 19. axb6 Nxb6 20.
Qe8+ Bf8 21. Ra1 Be6 22. Qxa8 Nxa8 23. dxe6 Qxe6 24. Rxa6 Nc7 25. Ra7 Nb5
26. Ra8 Qe4 27. Rd8 Nd4 28. Nc3 Qxg2 29. Rg1 Nf3+ 30. Kd1 Qxh2 31. Be7 Nxg1
32. Bxf8 h5 33. f5 Qh3 34. Bxd6+ Kg7 35. f6+ Kh7 36. Bxc5 Qf1+ 37. Kd2 Qxf6
38. Rf8 Nf3+ 39. Ke3 Ne5 40. Bd4 Qf3+ 41. Kd2 Qd3+ 42. Kc1 Kg7 43. Rc8 f6
44. Rc7+ Kh6 45. Bxe5 fxe5 46. Re7 h4 47. Rxe5 h3 48. Re8 Kg7 49. Re7+ Kg8
50. Re8+ Kf7 51. Rh8 Kg7 52. Rh4 g5 53. Rh5 g4 54. Rg5+ Kf7 55. Rxg4 Qf3
56. Rh4 Qg2 57. Rf4+ Kg6 58. Rh4 Qg5+ 59. Nf4+ Kf7 60. Rh7+ Kg8 61. Rxh3
Qxf4+ 62. Kb2 Kf7 63. Rd3 Qf2+ 64. Kb3 Ke6 65. Rd5 Qb6+ 66. Rb5 Qg1 67. Rd5
Qa1 68. Rb5 Qa6 69. Rd5 Qb7+ 70. Rb5 Qf7 71. Kc2 Qf2+ 72. Kb3 Qg2 73. Rd5
Qh1 74. Rb5 Kd6 75. Rd5+ Kc6 76. Rb5 Qh3 77. Kc2 Qg2+ 78. Kb3 Qg8+ 79. Kc2
Qa8 80. Kb3 Kd6 81. Rd5+ Ke6 82. Rb5 Qf3 83. Kc2 Qh3 84. Kb3 Kd6 85. Rd5+
Kc6 86. Rb5 Qh4 87. Rd5 Kb6 88. Rb5+ Ka6 89. Rd5 Qg4 90. Rb5 Qg3 91. Rd5
Qg8 92. Kc2 Qf7 93. Kb3 Kb6 94. Kc2 Qf2+ 95. Kb3 Kc7 96. Rb5 Qf7+ 97. Rd5
Qf3 98. Rb5 Kc6 99. Rd5 Qh3 100. Rb5 Qh2 101. Rd5 Qg1 102. Rb5 Qa1 103. Rd5
Qa8 104. Rb5 Qg8+ 105. Rd5 Qb8+ 106. Rb5 Qg3 107. Rd5 Qg8 108. Kc2 Qh7+
109. Kb3 Qf7 110. Kc2 Qf2+ 111. Kb3 Qf7 112. Kc2 Qa7 113. Kb3 Qb8+ 114. Rb5
Qg8+ 115. Kc2 Qf8 116. Kb3 Qf7+ 117. Rd5 Qg8 118. Kc2 Qf8 119. Kb3 Qb8+
120. Rb5 Qf4 121. Rd5 Qh4 { Game drawn by the 50 move rule } 1/2-1/2

[Event "ICC tourney 2398 (75 10)"]
[Site "Internet Chess Club"]
[Date "2021.02.21"]
[Round "5"]
[White "Mapking1"]
[Black "KittiesRock18"]
[Result "1/2-1/2"]
[ICCResult "Game drawn by mutual agreement"]
[WhiteElo "1979"]
[BlackElo "1916"]
[Opening "Sicilian"]
[ECO "B56"]
[NIC "SI.25"]
[Time "14:34:43"]
[PlyCount "41"]
[TimeControl "4500+10"]

1. e4 c5 2. Nf3 d6 3. d4 cxd4 4. Nxd4 Nf6 5. Nc3 Nc6 6. Be3 e6 7. f4 Be7 8.
g4 Nxd4 9. Bxd4 e5 10. fxe5 dxe5 11. Bb5+ Bd7 12. Bxe5 Bxb5 13. Qxd8+ Rxd8
14. Nxb5 O-O 15. Rd1 Nxg4 16. Bg3 Rxd1+ 17. Kxd1 a6 18. Nc3 Rd8+ 19. Ke2
Bg5 20. Rd1 Rxd1 21. Nxd1 { Game drawn by mutual agreement } 1/2-1/2

[Event "ICC tourney 2398 (75 10)"]
[Site "Internet Chess Club"]
[Date "2021.02.21"]
[Round "5"]
[White "Heliosis"]
[Black "ShadowApt"]
[Result "1/2-1/2"]
[ICCResult "Game drawn by mutual agreement"]
[WhiteElo "1922"]
[BlackElo "2090"]
[Opening "Sicilian: Canal-Sokolsky attack, Sokolsky variation"]
[ECO "B52"]
[NIC "SI.01"]
[Time "14:33:49"]
[PlyCount "75"]
[TimeControl "4500+10"]

1. e4 c5 2. Nf3 d6 3. Bb5+ Bd7 4. Bxd7+ Qxd7 5. c4 Nc6 6. Nc3 Nf6 7. d4
cxd4 8. Nxd4 g6 9. f3 Bg7 10. Be3 O-O 11. O-O Ne5 12. b3 Rac8 13. Rc1 a6
14. Qd2 Rfd8 15. Rfd1 Nc6 16. Nd5 Nxd5 17. cxd5 Nxd4 18. Bxd4 Bxd4+ 19.
Qxd4 Rxc1 20. Rxc1 Rc8 21. Rxc8+ Qxc8 22. Qc4 Qxc4 23. bxc4 f5 24. Kf2 fxe4
25. fxe4 Kf7 26. Kf3 Kf6 27. Kf4 b5 28. cxb5 axb5 29. a3 e6 30. dxe6 Kxe6
31. h4 d5 32. Ke3 Ke5 33. exd5 Kxd5 34. Kd3 h6 35. g4 g5 36. h5 Ke5 37. Ke3
Kd5 38. Kd3 { Game drawn by mutual agreement } 1/2-1/2

[Event "ICC tourney 2398 (75 10)"]
[Site "Internet Chess Club"]
[Date "2021.02.21"]
[Round "5"]
[White "Lonestarpawn"]
[Black "GeorgeDai"]
[Result "1-0"]
[ICCResult "Black checkmated"]
[WhiteElo "2011"]
[BlackElo "2078"]
[Opening "Caro-Kann: Steinitz variation"]
[ECO "B17"]
[NIC "CK.08"]
[Time "14:34:13"]
[PlyCount "61"]
[TimeControl "4500+10"]

1. e4 c6 2. d4 d5 3. Nc3 dxe4 4. Nxe4 Nd7 5. Nf3 Ngf6 6. Nxf6+ Nxf6 7. c3
Bg4 8. h3 Bh5 9. Be2 e6 10. Bf4 Bd6 11. Bxd6 Qxd6 12. O-O O-O 13. Ne5 Bxe2
14. Qxe2 Rfd8 15. Rad1 Qc7 16. Rfe1 Rd6 17. f4 g6 18. g4 Rad8 19. Qf2 c5
20. Qh4 Kg7 21. Nf3 Qa5 22. f5 exf5 23. gxf5 Qxa2 24. fxg6 hxg6 25. Ng5
R8d7 26. Rf1 cxd4 27. Rxf6 Kxf6 28. Rf1+ Ke7 29. Ne6+ g5 30. Qxg5+ Kxe6 31.
Re1# { Black checkmated } 1-0

[Event "ICC tourney 2398 (75 10)"]
[Site "Internet Chess Club"]
[Date "2021.02.21"]
[Round "5"]
[White "HR2005"]
[Black "Mrpeetapizza"]
[Result "1-0"]
[ICCResult "Black resigns"]
[WhiteElo "2060"]
[BlackElo "1896"]
[Opening "Sicilian: Sozin, Benkö variation"]
[ECO "B57"]
[NIC "SI.25"]
[Time "14:33:47"]
[PlyCount "71"]
[TimeControl "4500+10"]

1. e4 c5 2. Nf3 d6 3. d4 cxd4 4. Nxd4 Nf6 5. Nc3 Nc6 6. Bc4 Qb6 7. Nb3 a6
8. Be3 Qc7 9. O-O e6 10. a4 b6 11. f4 Be7 12. f5 Ne5 13. Be2 O-O 14. g4 Bb7
15. g5 Nfd7 16. Nd4 Nc4 17. Bc1 e5 18. Nf3 Qc5+ 19. Kh1 Ne3 20. Bxe3 Qxe3
21. Bc4 Rac8 22. Bd5 Rxc3 23. bxc3 Bxd5 24. Qxd5 Nc5 25. Rae1 Qxc3 26. g6
Qxc2 27. gxf7+ Kh8 28. f6 gxf6 29. Rg1 h5 30. Nh4 Nd3 31. Ref1 Nf2+ 32.
Rxf2 Qxf2 33. Ng6+ Kh7 34. Qd1 Kh6 35. Nxe7 Qh4 36. Nf5+ { Black resigns }
1-0

[Event "ICC tourney 2398 (75 10)"]
[Site "Internet Chess Club"]
[Date "2021.02.21"]
[Round "5"]
[White "SuperPuzzler"]
[Black "mr-sosa"]
[Result "1/2-1/2"]
[ICCResult "Game drawn by mutual agreement"]
[WhiteElo "2042"]
[BlackElo "2086"]
[Opening "Sicilian: Taimanov (Bastrikov) variation"]
[ECO "B47"]
[NIC "SI.40"]
[Time "14:33:49"]
[PlyCount "108"]
[TimeControl "4500+10"]

1. e4 c5 2. Nf3 e6 3. d4 cxd4 4. Nxd4 Nc6 5. Nc3 Qc7 6. Be2 a6 7. a4 Nf6 8.
O-O Be7 9. Be3 O-O 10. Kh1 d6 11. f4 Nxd4 12. Qxd4 e5 13. Qd2 exf4 14. Bxf4
Be6 15. Qe3 Rfe8 16. Rad1 Rad8 17. e5 dxe5 18. Bxe5 Qa5 19. Qf4 Nd5 20.
Nxd5 Rxd5 21. Bc3 Qc5 22. Rxd5 Bxd5 23. Bf3 Bf8 24. h3 b5 25. Bb4 Qc4 26.
Bxd5 Qxd5 27. Bxf8 Kxf8 28. axb5 axb5 29. Qf3 Qc4 30. Qf4 Qe6 31. Qb4+ Kg8
32. Qxb5 h6 33. Qd3 g6 34. c4 Qe5 35. b3 Ra8 36. b4 Ra2 37. Qf3 Qe6 38. c5
Rb2 39. Qf4 g5 40. Qf6 Qxf6 41. Rxf6 Rxb4 42. Rxh6 Rc4 43. Rc6 g4 44. hxg4
Rxg4 45. Kg1 Rc4 46. Kf2 Kg7 47. Rc7 Kg6 48. Rc8 Kf5 49. c6 Ke6 50. Kf3
Rc3+ 51. Kf4 Kf6 52. c7 Rc4+ 53. Kf3 Rc1 54. Ra8 Rxc7 { Game drawn by
mutual agreement } 1/2-1/2

[Event "ICC tourney 2398 (75 10)"]
[Site "Internet Chess Club"]
[Date "2021.02.21"]
[Round "5"]
[White "sirking2800"]
[Black "MARMAYOGI11"]
[Result "0-1"]
[ICCResult "White resigns"]
[WhiteElo "2005"]
[BlackElo "2141"]
[Opening "Ruy Lopez: 5.O-O"]
[ECO "C78"]
[NIC "RL.12"]
[Time "14:34:32"]
[PlyCount "90"]
[TimeControl "4500+10"]

1. e4 e5 2. Nf3 Nc6 3. Bb5 a6 4. Ba4 Nf6 5. O-O b5 6. Bb3 Bc5 7. a4 Rb8 8.
axb5 axb5 9. Nxe5 Nxe5 10. d4 Bxd4 11. Qxd4 d6 12. f4 c5 13. Qd1 Neg4 14.
e5 c4 15. Qd4 dxe5 16. Qxd8+ Kxd8 17. fxe5 Nd7 18. Ba2 Ngxe5 19. Nc3 b4 20.
Nd5 Rb5 21. Ne3 Nb6 22. c3 b3 23. Bb1 g6 24. Rd1+ Kc7 25. Nf1 Bb7 26. Ng3
Ra8 27. Rxa8 Bxa8 28. Ne4 Rd5 29. Rxd5 Nxd5 30. Kf2 f5 31. Ng5 Ng4+ 32. Kg3
Ngf6 33. Ne6+ Kd6 34. Nf4 Nxf4 35. Bxf4+ Ke6 36. Kf2 Be4 37. Bxe4 Nxe4+ 38.
Ke3 Nxc3 39. Kd2 Nb5 40. g3 Kd5 41. Kc1 Nd4 42. Be3 Nf3 43. h4 Ke4 44. Bf4
Kd3 45. Bh6 Nd4 { White resigns } 0-1

[Event "ICC tourney 2398 (75 10)"]
[Site "Internet Chess Club"]
[Date "2021.02.21"]
[Round "5"]
[White "Baseballchamp"]
[Black "arsenicblast"]
[Result "1/2-1/2"]
[ICCResult "Game drawn by repetition"]
[WhiteElo "1904"]
[BlackElo "1975"]
[Opening "Ruy Lopez: Anderssen variation"]
[ECO "C77"]
[NIC "RL.12"]
[Time "14:33:55"]
[PlyCount "75"]
[TimeControl "4500+10"]

1. e4 e5 2. Nf3 Nc6 3. Bb5 a6 4. Ba4 Nf6 5. d3 b5 6. Bb3 Bc5 7. Nc3 d6 8.
a4 b4 9. Ne2 a5 10. Ng3 Nd4 11. Nxd4 Bxd4 12. O-O h5 13. c3 bxc3 14. bxc3
Bxc3 15. Bxf7+ Kxf7 16. Qb3+ Be6 17. Qxc3 h4 18. Nf5 g6 19. Ne3 g5 20. f3
c5 21. Ng4 Nh5 22. Rb1 Ra7 23. Be3 Nf4 24. Rb2 Qd7 25. Rfb1 Bxg4 26. fxg4
Qxg4 27. Rb7+ Rxb7 28. Rxb7+ Kf6 29. Bxf4 gxf4 30. Qb3 Qe6 31. Qb6 Rf8 32.
Qc7 Rf7 33. Qd8+ Kg6 34. Qg8+ Kf6 35. Qh8+ Kg6 36. Qg8+ Kf6 37. Qh8+ Kg6
38. Qg8+ { Game drawn by repetition } 1/2-1/2

[Event "ICC tourney 2398 (75 10)"]
[Site "Internet Chess Club"]
[Date "2021.02.21"]
[Round "5"]
[White "AveryLucasNY"]
[Black "Yucheng"]
[Result "1/2-1/2"]
[ICCResult "Game drawn by mutual agreement"]
[WhiteElo "2014"]
[BlackElo "1926"]
[Opening "QGD: Chigorin defense"]
[ECO "D07"]
[NIC "QP.08"]
[Time "14:33:48"]
[PlyCount "61"]
[TimeControl "4500+10"]

1. d4 d5 2. c4 Nc6 3. cxd5 Qxd5 4. Nf3 e5 5. Nc3 Bb4 6. Bd2 Bxc3 7. Bxc3 e4
8. Ne5 Nxe5 9. dxe5 Ne7 10. e3 Be6 11. Qc2 O-O-O 12. b3 Qc5 13. Rc1 Nd5 14.
Bc4 Nb4 15. Bxe6+ fxe6 16. Bxb4 Qxb4+ 17. Qc3 Qxc3+ 18. Rxc3 Rd5 19. O-O
Rhd8 20. g4 Rxe5 21. Rfc1 c6 22. Rc4 Kc7 23. b4 Rd6 24. h4 b5 25. R4c2 Red5
26. Kg2 Rd2 27. Kg3 Rxc2 28. Rxc2 e5 29. h5 Rd1 30. Kh4 h6 31. a3 { Game
drawn by mutual agreement } 1/2-1/2

[Event "ICC tourney 2398 (75 10)"]
[Site "Internet Chess Club"]
[Date "2021.02.21"]
[Round "5"]
[White "drberkley"]
[Black "runtilmorrow1"]
[Result "0-1"]
[ICCResult "White checkmated"]
[WhiteElo "1955"]
[BlackElo "1939"]
[Opening "Sicilian: Grand Prix attack"]
[ECO "B23"]
[NIC "SI.44"]
[Time "14:33:49"]
[PlyCount "130"]
[TimeControl "4500+10"]

1. e4 c5 2. Nc3 Nc6 3. f4 e6 4. Nf3 Nge7 5. d3 d5 6. Be2 b6 7. O-O Bb7 8.
Re1 dxe4 9. dxe4 g6 10. Nb5 Nd4 11. Nfxd4 cxd4 12. Nxd4 a6 13. c3 Bg7 14.
Bf3 O-O 15. Be3 Qc7 16. Qb3 e5 17. Ne2 b5 18. Rad1 Bh6 19. g3 Kh8 20. Rd3
f5 21. Qe6 Rae8 22. Bb6 Qc4 23. Qxc4 bxc4 24. Rd7 Bc6 25. Rc7 fxe4 26. Bg4
exf4 27. gxf4 Ba8 28. Bc5 Nd5 29. Bxf8 Bxf8 30. Rc8 Rxc8 31. Bxc8 Bc5+ 32.
Kg2 e3 33. Kg3 Nf6 34. h3 Ne4+ 35. Kh2 Nd2 36. Rc1 Bf3 37. Bg4 Bb7 38. Nd4
h5 39. Be2 Bd6 40. Kg1 Bxf4 41. b3 h4 42. Nc2 cxb3 43. axb3 Be4 44. c4 Nxb3
45. Rf1 g5 46. Nb4 Nd4 47. Re1 Bg3 48. Kf1 a5 49. Nd5 Bxd5 50. cxd5 Bxe1
51. Kxe1 Nxe2 52. Kxe2 Kg7 53. Kxe3 Kf7 54. Kd4 Ke7 55. Ke5 a4 56. Kf5 a3
57. Kxg5 a2 58. Kxh4 a1=Q 59. Kg5 Qf6+ 60. Kg4 Kd6 61. h4 Kxd5 62. Kh5 Ke4
63. Kg4 Qg6+ 64. Kh3 Kf3 65. Kh2 Qg2# { White checkmated } 0-1

[Event "ICC tourney 2398 (75 10)"]
[Site "Internet Chess Club"]
[Date "2021.02.21"]
[Round "5"]
[White "atharvajaeel"]
[Black "el008"]
[Result "1-0"]
[ICCResult "Black checkmated"]
[WhiteElo "2150"]
[BlackElo "1971"]
[Opening "Dutch defense"]
[ECO "A40"]
[NIC "QO.17"]
[Time "14:33:51"]
[PlyCount "103"]
[TimeControl "4500+10"]

1. d4 e6 2. c4 f5 3. Nf3 Nf6 4. g3 d5 5. Bg2 c6 6. O-O Bd6 7. b3 O-O 8. Ba3
Bxa3 9. Nxa3 Qe7 10. Nc2 Nbd7 11. Qd3 Ne4 12. c5 b6 13. b4 Bb7 14. Nd2 e5
15. Nb3 exd4 16. Ncxd4 bxc5 17. Nxc5 Nexc5 18. bxc5 g6 19. Rab1 Nxc5 20.
Qa3 Rfe8 21. Rfc1 Ne4 22. Qa5 Rec8 23. Bxe4 fxe4 24. Qc5 Qxc5 25. Rxc5 Rab8
26. Ra5 c5 27. Ne6 c4 28. Rxa7 Bc6 29. Rxb8 Rxb8 30. Nd4 Be8 31. Kf1 Rb1+
32. Kg2 Rd1 33. e3 Rb1 34. g4 Bb5 35. a4 Be8 36. a5 Ra1 37. Ne6 h6 38. a6
c3 39. Nd4 Bb5 40. Rc7 Bf1+ 41. Kg3 Bxa6 42. Rxc3 g5 43. h3 Bc4 44. Nf5 Kh7
45. Nd6 Ra4 46. Rc1 Ra6 47. Nf5 Rb6 48. h4 Kg6 49. Rh1 Rf6 50. hxg5 hxg5
51. Rh8 Rf7 52. Rh6# { Black checkmated } 1-0

[Event "ICC tourney 2398 (75 10)"]
[Site "Internet Chess Club"]
[Date "2021.02.21"]
[Round "5"]
[White "hpawnbomb"]
[Black "investigator"]
[Result "0-1"]
[ICCResult "White resigns"]
[WhiteElo "2188"]
[BlackElo "2098"]
[Opening "Pirc: classical (two knights) system"]
[ECO "B08"]
[NIC "PU.10"]
[Time "14:33:49"]
[PlyCount "146"]
[TimeControl "4500+10"]

1. e4 d6 2. d4 Nf6 3. Nc3 g6 4. Nf3 Bg7 5. Be3 a6 6. h3 O-O 7. a4 Nc6 8.
Bc4 e5 9. dxe5 Nxe5 10. Nxe5 dxe5 11. Bc5 Re8 12. Qf3 Be6 13. Rd1 Qc8 14.
Nd5 Nd7 15. Ba3 b5 16. axb5 axb5 17. Be2 Qb7 18. Qc3 Nf6 19. Nxf6+ Bxf6 20.
O-O Rab8 21. Qf3 Bg7 22. Bb4 Qb6 23. Qc3 Rec8 24. Bc5 b4 25. Qe3 Qc6 26.
Ra1 Bh6 27. Qxh6 Qxc5 28. Bd3 Qd4 29. Rfb1 Ra8 30. Rxa8 Rxa8 31. Qe3 c5 32.
Qxd4 cxd4 33. b3 f5 34. f3 Kf7 35. Kf2 Ke7 36. Ke2 Kd6 37. Kd2 Ke7 38. Re1
f4 39. Bb5 Kd6 40. Rg1 g5 41. Be2 Ra2 42. Rb1 h5 43. Bb5 Ra8 44. Be2 g4 45.
hxg4 hxg4 46. Rh1 g3 47. Rh6 Ke7 48. Rh7+ Kf6 49. Rh6+ Kf7 50. Rh5 Kg6 51.
Rxe5 Bh3 52. Bf1 Ra1 53. Ke2 d3+ 54. cxd3 Ra2+ 55. Ke1 Ra1+ 56. Ke2 Ra2+
57. Ke1 Bxg2 58. Bxg2 Rxg2 59. Rf5 Rb2 60. Rxf4 g2 61. Rg4+ Kf6 62. d4 Rxb3
63. Kf2 Rb2+ 64. Kg1 b3 65. Rg8 Rd2 66. Rb8 b2 67. Rb5 Rd1+ 68. Kxg2 b1=Q
69. Rxb1 Rxb1 70. Kg3 Rd1 71. d5 Ke5 72. Kf2 Kf4 73. Ke2 Rd4 { White
resigns } 0-1

[Event "ICC tourney 2398 (75 10)"]
[Site "Internet Chess Club"]
[Date "2021.02.21"]
[Round "6"]
[White "mr-sosa"]
[Black "Lonestarpawn"]
[Result "1-0"]
[ICCResult "Black resigns"]
[WhiteElo "2086"]
[BlackElo "2011"]
[Opening "QGD: exchange, positional line, 6.Qc2"]
[ECO "D36"]
[NIC "QO.16"]
[Time "18:07:04"]
[PlyCount "63"]
[TimeControl "4500+10"]

1. d4 d5 2. c4 e6 3. Nc3 Nf6 4. cxd5 exd5 5. Bg5 c6 6. Qc2 Be7 7. e3 O-O 8.
Bd3 Nbd7 9. Nge2 Re8 10. O-O Nf8 11. f3 Be6 12. Rad1 Rc8 13. e4 dxe4 14.
fxe4 Bg4 15. Bc4 Ne6 16. Be3 b5 17. Bd3 b4 18. Na4 Qc7 19. e5 Nd5 20. Bxh7+
Kh8 21. Bc1 Bxe2 22. Qxe2 Kxh7 23. Qh5+ Kg8 24. Qxf7+ Kh8 25. Qxe6 Rf8 26.
Rxf8+ Rxf8 27. Rd3 Nf4 28. Bxf4 Rxf4 29. Rh3+ Rh4 30. Rxh4+ Bxh4 31. Qe8+
Kh7 32. Qh5+ { Black resigns } 1-0

[Event "ICC tourney 2398 (75 10)"]
[Site "Internet Chess Club"]
[Date "2021.02.21"]
[Round "6"]
[White "investigator"]
[Black "MARMAYOGI11"]
[Result "1/2-1/2"]
[ICCResult "Game drawn by mutual agreement"]
[WhiteElo "2098"]
[BlackElo "2141"]
[Opening "English opening"]
[ECO "A05"]
[NIC "QP.11"]
[Time "18:07:07"]
[PlyCount "42"]
[TimeControl "4500+10"]

1. Nf3 Nf6 2. c4 d6 3. g3 c6 4. Bg2 e5 5. d3 Qc7 6. O-O Bg4 7. Nc3 Nbd7 8.
h3 Bh5 9. Bg5 Be7 10. Qc2 O-O 11. Rfd1 Rac8 12. Rac1 Rfe8 13. d4 h6 14. Be3
Bg6 15. Qb3 Ne4 16. Nxe4 Bxe4 17. dxe5 dxe5 18. Nd2 Bxg2 19. Kxg2 Bc5 20.
Ne4 Bxe3 21. Qxe3 Rcd8 { Game drawn by mutual agreement } 1/2-1/2

[Event "ICC tourney 2398 (75 10)"]
[Site "Internet Chess Club"]
[Date "2021.02.21"]
[Round "6"]
[White "sirking2800"]
[Black "SuperPuzzler"]
[Result "1-0"]
[ICCResult "Black checkmated"]
[WhiteElo "2005"]
[BlackElo "2042"]
[Opening "Sicilian: Sozin, not Scheveningen"]
[ECO "B57"]
[NIC "SI.25"]
[Time "18:07:02"]
[PlyCount "65"]
[TimeControl "4500+10"]

1. e4 c5 2. Nf3 d6 3. d4 cxd4 4. Nxd4 Nf6 5. Nc3 Nc6 6. Bc4 Bd7 7. f3 g6 8.
Be3 Bg7 9. Qd2 a6 10. g4 b5 11. Bb3 Rc8 12. h4 h5 13. g5 Nh7 14. f4 Na5 15.
Nd5 Nxb3 16. Nxb3 Rb8 17. Bd4 O-O 18. Bxg7 Kxg7 19. Qe2 e6 20. Ne3 Bc6 21.
Qd3 Qc7 22. Rf1 Rfe8 23. O-O-O Red8 24. f5 Qb7 25. Na5 Qb6 26. Qc3+ e5 27.
fxg6 fxg6 28. Nxc6 Rbc8 29. Rxd6 Rxd6 30. Qxe5+ Nf6 31. gxf6+ Kh7 32. Qe7+
Kg8 33. Qg7# { Black checkmated } 1-0

[Event "ICC tourney 2398 (75 10)"]
[Site "Internet Chess Club"]
[Date "2021.02.21"]
[Round "6"]
[White "HR2005"]
[Black "atharvajaeel"]
[Result "1/2-1/2"]
[ICCResult "Game drawn by mutual agreement"]
[WhiteElo "2060"]
[BlackElo "2150"]
[Opening "Ruy Lopez: Anderssen variation"]
[ECO "C77"]
[NIC "RL.12"]
[Time "18:07:06"]
[PlyCount "64"]
[TimeControl "4500+10"]

1. e4 e5 2. Nf3 Nc6 3. Bb5 a6 4. Ba4 Nf6 5. d3 d6 6. c3 Be7 7. Nbd2 O-O 8.
O-O Nb8 9. Re1 Nbd7 10. Nf1 b5 11. Bb3 Bb7 12. Ng3 Nc5 13. Bc2 Re8 14. Nf5
Bf8 15. Bg5 Ne6 16. Bh4 Nf4 17. Qd2 Ng6 18. Qg5 h6 19. Qg3 Bc8 20. d4 Bxf5
21. Bxf6 Qxf6 22. exf5 Nf4 23. dxe5 dxe5 24. Nxe5 Rxe5 25. Qxf4 Rae8 26.
Rxe5 Rxe5 27. Qf3 Bc5 28. g3 Re8 29. Rd1 Qe7 30. Kg2 Qe2 31. Bb3 Qxf3+ 32.
Kxf3 Bd6 { Game drawn by mutual agreement } 1/2-1/2

[Event "ICC tourney 2398 (75 10)"]
[Site "Internet Chess Club"]
[Date "2021.02.21"]
[Round "6"]
[White "runtilmorrow1"]
[Black "KittiesRock18"]
[Result "1-0"]
[ICCResult "Black checkmated"]
[WhiteElo "1939"]
[BlackElo "1916"]
[Opening "Sicilian: modern Scheveningen"]
[ECO "B58"]
[NIC "SI.22"]
[Time "18:07:22"]
[PlyCount "111"]
[TimeControl "4500+10"]

1. e4 c5 2. Nf3 d6 3. d4 cxd4 4. Nxd4 Nf6 5. Nc3 Nc6 6. Be2 e6 7. g4 h6 8.
Be3 d5 9. exd5 Nxd5 10. Nxd5 Qxd5 11. Bf3 Qa5+ 12. c3 Ne5 13. Be2 Be7 14.
h4 O-O 15. g5 hxg5 16. hxg5 Qd5 17. Rh2 Bd6 18. f4 Ng6 19. Bd3 f5 20. Qd2
Bc7 21. O-O-O Qxa2 22. Rdh1 Kf7 23. Be2 e5 24. fxe5 Bxe5 25. Bh5 Bxh2 26.
Bxg6+ Kxg6 27. Qxh2 Kf7 28. g6+ Kxg6 29. Qh5+ Kf6 30. Bg5+ Ke5 31. Re1+ Kd5
32. Qf3+ Kc5 33. Be7+ Kb6 34. Bxf8 Qa1+ 35. Kd2 Qxb2+ 36. Nc2 Bd7 37. Qe3+
Ka6 38. Ra1+ Qxa1 39. Nxa1 Rxf8 40. Qe7 Rh8 41. Qxd7 Rh2+ 42. Kc1 Rh1+ 43.
Kb2 Rh2+ 44. Kb3 f4 45. Kb4 Rb2+ 46. Nb3 Rxb3+ 47. Kxb3 Kb6 48. Kc4 a6 49.
Qd4+ Kc6 50. Qd5+ Kc7 51. Qc5+ Kd7 52. Kd5 f3 53. Qd6+ Kc8 54. Kc5 f2 55.
Kb6 f1=Q 56. Qc7# { Black checkmated } 1-0

[Event "ICC tourney 2398 (75 10)"]
[Site "Internet Chess Club"]
[Date "2021.02.21"]
[Round "6"]
[White "Baseballchamp"]
[Black "AveryLucasNY"]
[Result "1/2-1/2"]
[ICCResult "Game drawn by repetition"]
[WhiteElo "1904"]
[BlackElo "2014"]
[Opening "Caro-Kann: Panov-Botvinnik attack, 5...e6"]
[ECO "B14"]
[NIC "CK.03"]
[Time "18:07:04"]
[PlyCount "91"]
[TimeControl "4500+10"]

1. e4 c6 2. d4 d5 3. exd5 cxd5 4. c4 Nf6 5. Nc3 e6 6. Nf3 Bb4 7. Bd3 Nc6 8.
a3 Be7 9. O-O dxc4 10. Bxc4 O-O 11. Re1 a6 12. Ba2 Qc7 13. Be3 b5 14. Rc1
Bb7 15. Ne2 Qd7 16. Nf4 Bd6 17. d5 exd5 18. Nxd5 Nxd5 19. Bxd5 Rad8 20. Be4
Ne5 21. Nxe5 Bxe5 22. Qxd7 Rxd7 23. Bxb7 Rxb7 24. Bc5 f6 25. Bxf8 Kxf8 26.
b3 Bb2 27. Rc6 a5 28. a4 bxa4 29. bxa4 Rb4 30. Rb1 Rxa4 31. g3 Rb4 32. Rc2
Be5 33. Rxb4 axb4 34. Kf1 b3 35. Rc1 b2 36. Re1 Bc3 37. Rd1 Bd2 38. Ke2 Bc1
39. Rd8+ Kf7 40. Rb8 h5 41. Kd3 g5 42. Ke4 Kg6 43. Rg8+ Kf7 44. Rb8 Kg6 45.
Rg8+ Kf7 46. Rb8 { Game drawn by repetition } 1/2-1/2

[Event "ICC tourney 2398 (75 10)"]
[Site "Internet Chess Club"]
[Date "2021.02.21"]
[Round "6"]
[White "GeorgeDai"]
[Black "drberkley"]
[Result "1-0"]
[ICCResult "Black resigns"]
[WhiteElo "2078"]
[BlackElo "1955"]
[Opening "Pirc: classical, h3 system"]
[ECO "A48"]
[NIC "PU.10"]
[Time "18:07:19"]
[PlyCount "107"]
[TimeControl "4500+10"]

1. d4 Nf6 2. Nf3 g6 3. Nc3 Bg7 4. e4 d6 5. h3 O-O 6. Be3 a6 7. a4 Nc6 8.
Qd2 e5 9. dxe5 dxe5 10. Bc4 Qxd2+ 11. Kxd2 h6 12. Rad1 Be6 13. Bxe6 fxe6
14. Kc1 Rfd8 15. Rxd8+ Rxd8 16. Rd1 Rxd1+ 17. Kxd1 Nh5 18. Ne2 Kf7 19. c3
g5 20. g3 Nf6 21. Nd2 a5 22. Kc2 Bf8 23. Kd3 Nd7 24. Nc4 Nc5+ 25. Bxc5 Bxc5
26. f3 h5 27. Nc1 b6 28. g4 h4 29. Kc2 Kf6 30. Nd3 Bf8 31. Kb3 Bg7 32. Na3
Ke7 33. Kc4 Kd7 34. Kb5 Ne7 35. Nc4 Ng6 36. b4 Nf4 37. Nxf4 exf4 38. bxa5
bxa5 39. Nxa5 Bxc3 40. Nc6 Kc8 41. a5 Bd2 42. Nd4 Kd7 43. a6 Be3 44. a7
Bxd4 45. a8=Q Bf6 46. Qc6+ Ke7 47. Qxc7+ Kf8 48. Qd7 e5 49. Kc6 Bg7 50. Kd5
Kg8 51. Ke6 Kh7 52. Kf5 Kh6 53. Qe6+ Kh7 54. Qf7 { Black resigns } 1-0

[Event "ICC tourney 2398 (75 10)"]
[Site "Internet Chess Club"]
[Date "2021.02.21"]
[Round "6"]
[White "Mrpeetapizza"]
[Black "redhawk2020"]
[Result "0-1"]
[ICCResult "White resigns"]
[WhiteElo "1896"]
[BlackElo "1954"]
[Opening "Sicilian: Pelikan, Chelyabinsk variation"]
[ECO "B33"]
[NIC "SI.37"]
[Time "18:07:13"]
[PlyCount "92"]
[TimeControl "4500+10"]

1. e4 c5 2. Nf3 Nc6 3. d4 cxd4 4. Nxd4 Nf6 5. Nc3 e5 6. Ndb5 d6 7. Bg5 a6
8. Na3 b5 9. Nd5 Be7 10. Bxf6 Bxf6 11. c4 b4 12. Nc2 a5 13. Qf3 Bg5 14. h4
Bh6 15. g4 Bf4 16. Nxf4 Qf6 17. Bg2 Qxf4 18. Qxf4 exf4 19. e5 Ra6 20. exd6
Bxg4 21. Bd5 Ne5 22. a3 b3 23. Nd4 a4 24. Nb5 Kd8 25. Kd2 Bd7 26. Kc3 Bxb5
27. cxb5 Rxd6 28. Rad1 Kc7 29. Rhe1 f6 30. Rd4 Rhd8 31. Red1 Kb6 32. Kb4
Ng6 33. Kc4 Ne7 34. Be4 Rxd4+ 35. Rxd4 Rxd4+ 36. Kxd4 h5 37. Kc4 g5 38. Kb4
f5 39. Bh1 g4 40. Kxa4 f3 41. Kb4 Nd5+ 42. Kc4 Nf4 43. a4 g3 44. a5+ Kxa5
45. Kc5 g2 46. Bxg2 fxg2 { White resigns } 0-1